 Dungeon Crawl Stone Soup version 0.26-a0-597-gb535b0901c (webtiles) character file.

Game seed: 3168499214618791882

72 Cokeysmoke the Gusty (level 4, -1/24 HPs)
             Began as a Tengu Air Elementalist on Sept 6, 2020.
             Slain by an adder (4 damage)
             ... on level 2 of the Dungeon.
             The game lasted 00:08:01 (1416 turns).

Cokeysmoke the Gusty (Tengu Air Elementalist)       Turns: 1416, Time: 00:08:02

Health: -1/24      AC:  2    Str:  8    XL:     4   Next: 25%
Magic:  0/8        EV: 13    Int: 16    God:
Gold:   65         SH:  0    Dex: 15    Spells: 1/7 levels left

rFire    . . .     SeeInvis .   i - +0 dagger (freeze)
rCold    . . .     Faith    .   (no shield)
rNeg     . . .     Spirit   .   a - +0 robe
rPois    .         Reflect  .   (helmet restricted)
rElec    .         Harm     .   (no cloak)
rCorr    .                      (no gloves)
MR       .....                  (boots unavailable)
Stlth    ++........             (no amulet)
HPRegen  0.08/turn              (no ring)
MPRegen  0.11/turn              (no ring)

@: lethally poisoned (-1 -> -6), hasted and slowed
A: beak, talons 3
a: no special abilities


You were on level 2 of the Dungeon.
You visited 1 branch of the dungeon, and saw 2 of its levels.

You collected 65 gold pieces.

Inventory:

Hand Weapons
 i - a +0 dagger of freezing (weapon)
Armour
 a - a +0 robe (worn)
Scrolls
 c - a scroll of blinking
 e - a scroll of random uselessness
 j - a scroll of identify
Potions
 f - 2 potions of resistance {unknown}
 g - a potion of cancellation {unknown}


   Skills:
 + Level 1.3 Armour
 + Level 2.7 Dodging
 + Level 2.6 Stealth
 + Level 2.3 Spellcasting
 + Level 2.3 Conjurations
 + Level 4.6 Air Magic


You had one spell level left.
You knew the following spells:

 Your Spells              Type           Power        Failure   Level
a - Shock                 Conj/Air       ##..         4%          1
b - Swiftness             Air            ###.....     4%          2
c - Static Discharge      Conj/Air       ##......     14%         3

Your spell library contained the following spells:

 Spells                   Type           Power        Failure   Level
 Airstrike                Air            ###.......   30%         4
 Lightning Bolt           Conj/Air       ##........   78%         5


Dungeon Overview and Level Annotations

Branches:
Dungeon (2/15)

Altars:

Annotations:
D:2 Natasha


Innate Abilities, Weirdness & Mutations

You have a beak for a mouth.
You have claws for feet.


Message History

The adder bites you.
* * * LOW HITPOINT WARNING * * *
A bat comes into view.
Found a stone staircase leading down.
The adder barely misses you.
Casting: Shock (safe; 4% risk of failure)
Confirm with . or Enter, or press ? or * to list all spells.
Aiming: Shock (safe; 4% risk of failure)
Press: ? - help, Shift-Dir - straight line The zap hits the adder.
The adder is lightly wounded.
The zap hits the adder.
The adder is heavily wounded.
The adder bites you.
* * * LOW HITPOINT WARNING * * *
You are lethally poisoned!
The adder poisons you!
* * * LOW HITPOINT WARNING * * *
You feel sick. The adder bites you.
You die...

..... .......
...#............
....#............
.........#.....
>......#.............
.......#...........# ...
...................#....
................@....b..
#..........$.h#S........
.....................>..
............=5..........
5.......................
..###...##'#............
..###..†##.#....#...#+##
.(.##.....5##+###...#+
...##.....5##.........


You could see Natasha, an adder, a shadow imp (summoned) and a bat (asleep).

Vanquished Creatures
  Natasha (D:2)
  2 worms (D:2)
  A dart slug (D:1)
  A leopard gecko (D:1)
  7 goblins
  4 hobgoblins (D:1)
  A quokka (D:2)
  7 bats
  3 frilled lizards
  8 kobolds
  3 rats (D:1)
38 creatures vanquished.

Vanquished Creatures (others)
  A worm (D:2)
  A ball python (D:2)
2 creatures vanquished.

Grand Total: 40 creatures vanquished

Notes
Turn   | Place    | Note
-------+----------+-------------------------------------------
     0 | D:1      | Cokeysmoke the Tengu Air Elementalist began the quest for
                  | the Orb.
     0 | D:1      | Reached XP level 1. HP: 10/10 MP: 4/4
   183 | D:1      | Reached XP level 2. HP: 15/15 MP: 3/6
   464 | D:1      | Reached XP level 3. HP: 18/19 MP: 1/7
   625 | D:1      | Reached skill level 1 in Armour
   629 | D:1      | Learned a level 2 spell: Swiftness
   633 | D:1      | Learned a level 3 spell: Static Discharge
  1365 | D:2      | Noticed Natasha
  1373 | D:2      | Killed Natasha
  1373 | D:2      | Reached XP level 4. HP: 24/24 MP: 0/8
  1376 | D:2      | Noticed Natasha
  1416 | D:2      | Slain by an adder

Illustrated notes

Levels and vault maps discovered:
D:1:      beargit_arrival_greenhouse, layout_rooms
D:2:      layout_basic, fiery_altar_vehumet, uniq_natasha

Skill      XL: |  1  2  3 |
---------------+----------+-----
Conjurations   | 2 |  2.3
Armour         | 1 |  1.3
Dodging        | |  2.7
Stealth        | |  2.6
Spellcasting   | |  2.3
Air Magic      | |  4.6

Action                   |  1- 3 |  4- 6 || total
-------------------------+-------+-------++-------
Melee: Mace              |     3 |       ||     3
       Kick              |     4 |     1 ||     5
       Spear             |     2 |       ||     2
       Dagger            |     4 |     7 ||    11
       Peck              |     1 |     1 ||     2
 Cast: Shock             |    84 |     7 ||    91
  Use: Scroll            |     3 |       ||     3
       Potion            |       |     3 ||     3
Armor: Robe              |     3 |     8 ||    11
Dodge: Dodged            |    13 |    38 ||    51

Table legend: (Time is in decaauts)
 A = Elapsed time spent in this place.
 B = Non-inter-level travel time spent in this place.
 C = Inter-level travel time spent in this place.
 D = Time resting spent in this place.
 E = Time spent auto-exploring this place.
 F = Levels seen in this place.
 G = Mean time per level.
                   A        B        C        D        E       F      G
               +--------+--------+--------+--------+--------+-----+--------+
         Total |   1428 |   1424 |      4 |    584 |    574 |   2 |  714.0 |
       Dungeon |   1428 |   1424 |      4 |    584 |    574 |   2 |  714.0 |
               +--------+--------+--------+--------+--------+-----+--------+

Top non-repeatable levels by time:
     D:1: 828 daAuts
     D:2: 599 daAuts
